[Event "*** Titled Tuesday Blitz"]
[Site "Chess.com"]
[Date "2021.02.16"]
[Round "9"]
[White "zurzan"]
[Black "dodorox"]
[Result "0-1"]
[WhiteElo "2028"]
[BlackElo "2199"]
[TimeControl "180+1"]
[EndTime "11:47:03 PST"]
[Termination "dodorox won by resignation"]

1. f4 d5 2. Nf3 Nf6 3. g3 b6 4.
Bg2 Bb7 5. O-O e6 6. d3 Be7 7. c3 c5 8. Qc2 Nbd7 9. Na3 a6 10.
Bd2 Qc7 11. Rad1 O-O 12. Rfe1 Rad8 13. e4 dxe4 14. dxe4 e5 15. fxe5 Nxe5 16. Nxe5 Qxe5 17. Bf4 Qh5 18. Nc4 Rxd1 19. Rxd1 Nxe4 20. Rd7 Rd8 21.
Rxb7 Rd1+ 22. Bf1 Qf3 23. Qe2 Qxe2 24. Rb8+ Bf8 0-1

[Event "*** Titled Tuesday Blitz"]
[Site "Chess.com"]
[Date "2021.02.16"]
[Round "9"]
[White "vaishali2001"]
[Black "Beca95"]
[Result "1-0"]
[WhiteElo "2605"]
[BlackElo "2873"]
[TimeControl "180+1"]
[EndTime "11:47:04 PST"]
[Termination "vaishali2001 won by resignation"]

1. e4 c6 2. d4 d5 3. Nd2 dxe4 4. Nxe4 Nf6 5. Nxf6+ exf6 6. c3 Bd6 7. Bd3 O-O 8.
Ne2 Na6 9. Qc2 h5 10. Be3 Nc7 11. O-O-O Re8 12. Nf4 Bxf4 13. Bxf4 Nd5 14. Bd2 b5 15. h3 a5 16. g4 h4 17. Rde1 Rxe1+ 18. Rxe1 a4 19.
f4 Be6 20. f5 Bd7 21. a3 Qc7 22. Bf1 Qg3 23. Qd3 Re8 24. Rxe8+ Bxe8 25. Qxg3 hxg3 26. Kd1 c5 27. dxc5 Bc6 28. Ke1 Nxc3 29. Bxc3 g2 30. Bxg2 Bxg2 31. Kf2 Bc6 32. h4 Bd7 33. Ke3 g6 34.
Bxf6 gxf5 35. gxf5 Bxf5 36. c6 Kf8 37. Kd4 1-0

[Event "*** Titled Tuesday Blitz"]
[Site "Chess.com"]
[Date "2021.02.16"]
[Round "9"]
[White "tusplingher"]
[Black "MuhittinBuker"]
[Result "1-0"]
[WhiteElo "2290"]
[BlackElo "2077"]
[TimeControl "180+1"]
[EndTime "11:47:08 PST"]
[Termination "tusplingher won on time"]

1. e4 e5 2. Bc4 Bc5 3. Nf3 Nc6 4. c3 d6 5. d4 exd4 6. cxd4 Bb4+ 7. Nc3 Nf6 8. O-O O-O 9. Bg5 h6 10. Bh4 g5 11.
Nxg5 hxg5 12. Bxg5 Bxc3 13. bxc3 Kg7 14. Qf3 Re8 15. Rad1 a6 16. Rfe1 b5 17. Bd5 Bd7 18. Qg3 Rg8 19. Bxc6 Bxc6 20. e5 Kf8 21. exf6 Rg6 22.
Bh6+ Kg8 23. Bg5 Qd7 24. h4 Qf5 25. f4 Be4 26. h5 Rxg5 27. Qxg5+ Qxg5 28. fxg5 d5 29.
Kf2 a5 30. Rxe4 dxe4 31. Rb1 c6 32. Ke3 Re8 33. Rf1 Rb8 34. Kxe4 b4 35. Rb1 Re8+ 36.
Kd3 bxc3 37. Kxc3 Re3+ 38. Kc4 Rg3 39. Rb8+ Kh7 40. g6+ fxg6 41. f7 1-0

[Event "*** Titled Tuesday Blitz"]
[Site "Chess.com"]
[Date "2021.02.16"]
[Round "9"]
[White "Mr_Sinigami"]
[Black "Nuvas"]
[Result "1-0"]
[WhiteElo "2662"]
[BlackElo "2487"]
[TimeControl "180+1"]
[EndTime "11:47:09 PST"]
[Termination "Mr_Sinigami won by resignation"]

1. d4 d5 2. Nf3 Nf6 3. Bf4 c5 4. e3 Nc6 5. c3 Qb6 6. Qc1 cxd4 7. exd4 Bg4 8. Nbd2 Rc8 9. Be2 e6 10. O-O Be7 11. h3 Bh5 12. Re1 O-O 13. Ne5 Bxe2 14. Nxc6 bxc6 15. Rxe2 c5 16. Be3 Rb8 17. Nb3 c4 18. Nc5 Bxc5 19. dxc5 Qc6 20. b4 cxb3 21.
axb3 Rxb3 22. Rxa7 Ne4 23. c4 Rc3 24. Rc2 Rxc2 25.
Qxc2 Rc8 26. cxd5 exd5 27. f3 Nf6 28. Qf5 g6 29. Qf4 Qe6 30. Bd4 Nh5 31. Qd6 Qxd6 32.
cxd6 Nf4 33. d7 Rf8 34. Bc5 Rb8 35. Bd6 Rb1+ 36. Kh2 Ne6 1-0

[Event "*** Titled Tuesday Blitz"]
[Site "Chess.com"]
[Date "2021.02.16"]
[Round "9"]
[White "muchojogo"]
[Black "Azde"]
[Result "0-1"]
[WhiteElo "2326"]
[BlackElo "2435"]
[TimeControl "180+1"]
[EndTime "11:47:16 PST"]
[Termination "Azde won by resignation"]

1. e4 c6 2. d4 d5 3. Nd2 dxe4 4. Nxe4 Nd7 5. Ng5 Ngf6 6. Bd3 e6 7. N1f3 Bd6 8. Qe2 h6 9. Ne4 Nxe4 10. Qxe4 Nf6 11. Qe2 Qc7 12. Bd2 b6 13. Ne5 Bb7 14. f4 O-O-O 15. O-O c5 16. a4 cxd4 17. a5 Kb8 18.
axb6 axb6 19. Ra4 Nd5 20. Rfa1 f6 21. Ng6 Rhe8 22. Bb5 e5 23. fxe5 fxe5 24. Bxe8 Rxe8 25. Kh1 Qf7 26. Nh4 g5 27. Nf3 g4 28. Ne1 e4 29. Rxd4 Qh5 30. g3 e3 31. Qxg4 Qxg4 0-1

[Event "*** Titled Tuesday Blitz"]
[Site "Chess.com"]
[Date "2021.02.16"]
[Round "9"]
[White "EugeneRougon"]
[Black "L1m96"]
[Result "1-0"]
[WhiteElo "2733"]
[BlackElo "2537"]
[TimeControl "180+1"]
[EndTime "11:47:18 PST"]
[Termination "EugeneRougon won by resignation"]

1. e4 e5 2. Nf3 Nc6 3. Bb5 a6 4.
Ba4 Nf6 5. O-O Be7 6. Re1 b5 7. Bb3 O-O 8. h3 d6 9. c3 Nb8 10. d4 Nbd7 11. c4 Bb7 12. Nc3 c6 13. a3 Re8 14. cxb5 axb5 15. Bxf7+ Kxf7 16. Qb3+ d5 17. dxe5 Nc5 18. Qa2 Ng8 19. exd5 cxd5 20. Rd1 b4 21. Nxd5 b3 22. Qb1 Bxd5 23. Qf5+ Bf6 24. Ng5+ Ke7 25. Be3 Ne6 26. exf6+ Nxf6 27. Nxe6 Bxe6 28. Qc5+ 1-0

[Event "*** Titled Tuesday Blitz"]
[Site "Chess.com"]
[Date "2021.02.16"]
[Round "9"]
[White "Shuvalov"]
[Black "XDPS"]
[Result "1/2-1/2"]
[WhiteElo "2539"]
[BlackElo "2725"]
[TimeControl "180+1"]
[EndTime "11:47:18 PST"]
[Termination "Game drawn by repetition"]

1. Nf3 d5 2. c4 c6 3. g3 Nf6 4.
Bg2 Bg4 5. Ne5 Be6 6. cxd5 Bxd5 7. Nf3 c5 8. Nc3 Bc6 9. d3 Nbd7 10. O-O e5 11. e4 Bd6 12. Nh4 O-O 13. Nf5 Bc7 14. f4 Re8 15. Ne3 b5 16. f5 Bb6 17. Kh1 h6 18.
Ned5 Nxd5 19. exd5 Bb7 20. Nxb5 Nf6 21. Nc3 Nxd5 22.
Ne4 Qc7 23. f6 Nxf6 24. Rxf6 gxf6 25. Nxf6+ Kf8 26. Bxh6+ Ke7 27. Ne4 Rh8 28. Bg5+ Kf8 29. Bf6 Rh6 30. Qg4 Rg6 31. Qh4 c4 32. Rc1 Bd5 33.
Qh8+ Rg8 34. Bg7+ Ke7 35. Qh4+ Ke6 36. Bh3+ f5 37. Qf6+ Kd7 38. Bxf5+ Ke8 39. Bg6+ Kd7 40. Bf5+ Ke8 41. Bg6+ Kd7 42. Bf5+ 1/2-1/2

[Event "*** Titled Tuesday Blitz"]
[Site "Chess.com"]
[Date "2021.02.16"]
[Round "9"]
[White "Rsnr"]
[Black "maximnovik"]
[Result "0-1"]
[WhiteElo "2752"]
[BlackElo "2560"]
[TimeControl "180+1"]
[EndTime "11:47:19 PST"]
[Termination "maximnovik won by resignation"]

1. d4 Nf6 2. c4 g6 3. g3 d5 4. cxd5 Nxd5 5. Bg2 Bg7 6. Nf3 O-O 7. O-O Nc6 8. Nc3 e5 9. Bg5 f6 10. Nxd5 fxg5 11. dxe5 g4 12. Nd4 Nxd4 13. Qxd4 c6 14. Nf6+ Bxf6 15. Qc4+ Kg7 16. exf6+ Qxf6 17. Rad1 Be6 18.
Qb4 Rf7 19. Rd6 Qe5 20. e3 a5 21. Qa3 Raf8 22. Rd2 h5 23. b3 h4 24. Qa4 h3 25.
Bh1 Qxe3 26. Qxa5 b6 27. Qb4 c5 28. Qxg4 Bxg4 0-1

[Event "*** Titled Tuesday Blitz"]
[Site "Chess.com"]
[Date "2021.02.16"]
[Round "9"]
[White "Titus369"]
[Black "Unknown_IM"]
[Result "1-0"]
[WhiteElo "2567"]
[BlackElo "2396"]
[TimeControl "180+1"]
[EndTime "11:47:20 PST"]
[Termination "Titus369 won by checkmate"]

1. e4 e5 2. Nf3 Nc6 3. Bb5 a6 4. Ba4 Nf6 5. O-O Be7 6. d3 b5 7. Bb3 d6 8. a3 O-O 9. Nc3 Bg4 10. Be3 Nd4 11. Bxd4 exd4 12. Nd5 Nxd5 13. Bxd5 Rb8 14. h3 Bxf3 15. Qxf3 c5 16. b4 Qc7 17. Qe2 Rbc8 18. Ra2 Bf6 19. f4 Rfe8 20. g4 g6 21. g5 Bg7 22. h4 Qd7 23. Qg2 c4 24. f5 Rf8 25.
f6 Bh8 26. Raa1 cxd3 27. cxd3 Rc3 28. Rf3 Rfc8 29. Raf1 h5 30. gxh6 Kh7 31. h5 Rg8 32. Rg3 g5 33. Rxg5 Rxg5 34. Qxg5 Rxd3 35. e5 Re3 36. e6 fxe6 37. Qg6# 1-0

[Event "*** Titled Tuesday Blitz"]
[Site "Chess.com"]
[Date "2021.02.16"]
[Round "9"]
[White "Eliwood44"]
[Black "IngOscarArdila"]
[Result "1-0"]
[WhiteElo "2458"]
[BlackElo "2182"]
[TimeControl "180+1"]
[EndTime "11:47:21 PST"]
[Termination "Eliwood44 won by resignation"]

1. d4 Nf6 2. Bg5 e6 3. e3 Be7 4. Nf3 O-O 5. Bd3 d6 6. c4 Nbd7 7. Nc3 Re8 8. O-O b6 9. e4 e5 10. Bxf6 Bxf6 11. d5 Nc5 12. Bc2 a5 13. b3 Bg4 14. h3 Bd7 15. a3 g6 16. Qe2 h5 17. b4 axb4 18. axb4 Na6 19. Rab1 Bg7 20. Ne1 Qe7 21. Nd3 Bh6 22. Ba4 Bxa4 23. Nxa4 Qd7 24. Nc3 Kg7 25. Nb5 h4 26. Qg4 Qxg4 27. hxg4 Re7 28.
Ra1 Bd2 29. Ra4 Nc5 30. Nxc5 Rxa4 31. Nxa4 Bxb4 32. Nac3 Kf6 33. Kh2 Kg5 34. f3 Bc5 35. Ne2 f5 36. gxf5 gxf5 37. f4+ exf4 38. Nxf4 Rxe4 39.
Ne6+ Kg4 40. Nxc5 bxc5 41. Nxc7 Rxc4 42. Ne8 Rd4 43. Rf3 c4 44. Rc3 Kg5 45. Nxd6 Kf4 46.
Rxc4 Rxc4 47. Nxc4 Ke4 48. d6 1-0

[Event "*** Titled Tuesday Blitz"]
[Site "Chess.com"]
[Date "2021.02.16"]
[Round "9"]
[White "Lysiak_Poltorak"]
[Black "Vuk2000"]
[Result "0-1"]
[WhiteElo "2432"]
[BlackElo "2663"]
[TimeControl "180+1"]
[EndTime "11:47:24 PST"]
[Termination "Vuk2000 won by resignation"]

1. d4 Nf6 2. c4 e6 3. Nc3 Bb4 4. Qc2 O-O 5. e4 d5 6. cxd5 exd5 7. e5 Ne4 8. Bd3 c5 9. Nf3 cxd4 10. Nxd4 Nd7 11. Bf4 Ndc5 12. O-O Nxd3 13. Qxd3 Bxc3 14. bxc3 Qc7 15. Rac1 Qc4 16. Qe3 b6 17. f3 Nc5 18.
Rfd1 Re8 19. Bg5 Ba6 20. Nf5 Nd3 21. Rb1 Rxe5 22. Ne7+ Kf8 23. Qd2 Qc5+ 24. Kh1 Nf2+ 25. Kg1 Nxd1+ 26. Kh1 0-1

[Event "*** Titled Tuesday Blitz"]
[Site "Chess.com"]
[Date "2021.02.16"]
[Round "9"]
[White "stepanosinovsky"]
[Black "barriochess"]
[Result "0-1"]
[WhiteElo "2295"]
[BlackElo "2438"]
[TimeControl "180+1"]
[EndTime "11:47:24 PST"]
[Termination "barriochess won by resignation"]

1. e4 c5 2. Nf3 Nc6 3. Bb5 d6 4. O-O Bd7 5. c3 Nf6 6. Re1 a6 7. Ba4 c4 8. d4 cxd3 9. Qxd3 g6 10.
Bc2 Bg7 11. a4 O-O 12. Na3 Rc8 13. h3 Be6 14. Be3 Nd7 15. Ng5 Nde5 16. Qe2 Na5 17. Nxe6 fxe6 18. f4 Nec4 19. Nxc4 Nxc4 20. Bb3 b5 21. axb5 axb5 22. g3 Qd7 23. Ra7 Rc7 24. Bxc4 Rxa7 25. Bxb5 Qc7 26. Bc4 Kh8 27. Bxe6 Rb7 28. h4 Rfb8 29. h5 Rxb2 30. Qg4 Qxc3 31. Re2 Rxe2 32. Qxe2 Bd4 33. Bxd4+ Qxd4+ 34. Kf1 Rb1+ 0-1

[Event "*** Titled Tuesday Blitz"]
[Site "Chess.com"]
[Date "2021.02.16"]
[Round "9"]
[White "Kale36"]
[Black "c_r_e_e_p_e_r"]
[Result "0-1"]
[WhiteElo "2228"]
[BlackElo "2379"]
[TimeControl "180+1"]
[EndTime "11:47:26 PST"]
[Termination "c_r_e_e_p_e_r won by resignation"]

1. d4 Nf6 2. Nc3 g6 3. Bg5 d5 4.
Qd2 Bg7 5. Bh6 O-O 6. Bxg7 Kxg7 7.
e3 c5 8. dxc5 Na6 9. Qd4 Qa5 10.
a3 Qxc5 11. Qxc5 Nxc5 12. O-O-O Nce4 13. Nxe4 Nxe4 14. Rd2 Nxd2 15. Kxd2 Be6 16. c3 f6 17. f4 Bf7 18. Nf3 Rfe8 19. h4 a6 20. Bd3 e5 21.
fxe5 fxe5 22. Ng5 h6 23. Nxf7 Kxf7 24. h5 gxh5 25. Rxh5 Kg7 26. Bf5 Rf8 27. g4 Rae8 28.
Kd3 Rf6 29. Rh2 Rb6 30. b4 Rf6 31. e4 dxe4+ 32. Kxe4 Re7 33. Rd2 Rc6 34. Rd3 Rec7 35. Kxe5 Rxc3 36. Rd6 R3c6 37. Rxc6 Rxc6 38. Be4 Rc3 39.
Bxb7 Rxa3 40. Kd4 Kf6 41. Kc5 Kg5 42. Bc8 Rc3+ 43. Kb6 Rxc8 44. Kxa6 Kxg4 0-1

[Event "*** Titled Tuesday Blitz"]
[Site "Chess.com"]
[Date "2021.02.16"]
[Round "9"]
[White "FredyMatsuura"]
[Black "geordie_derraugh"]
[Result "1/2-1/2"]
[WhiteElo "2319"]
[BlackElo "2467"]
[TimeControl "180+1"]
[EndTime "11:47:27 PST"]
[Termination "Game drawn by repetition"]

1. d4 Nf6 2. c4 e6 3. Nf3 Bb4+ 4. Bd2 a5 5. Nc3 b6 6. g3 Bb7 7. Bg2 O-O 8. O-O d6 9. Qc2 Nbd7 10. Rfd1 Re8 11.
Be1 Qe7 12. e3 e5 13. dxe5 Nxe5 14. Nxe5 Bxg2 15. Kxg2 Qxe5 16. a3 Bxc3 17. Bxc3 Qe6 18. Bxf6 Qxf6 19. Rd4 Re5 20. Rad1 Rf5 21. b3 h5 22. h4 Re8 23. b4 axb4 24. axb4 Ree5 25. R1d2 Qe6 26. Qa4 g6 27. Qc6 Qe7 28. Kg1 g5 29. hxg5 Rxg5 30. Qf3 Qe6 31. Kh2 Qg6 32. Rf4 Rg4 33.
Ra2 Rxf4 34. exf4 Re1 35. Ra8+ Kh7 36. Qc3 Qb1 37. Qh8+ Kg6 38. Rg8+ Kf5 39. Qh7+ Ke6 40. Re8+ Kd7 41. Qxf7+ Kc6 42. Qd5+ Kd7 43. Qf7+ Kc6 44.
Qd5+ Kd7 45. Qf7+ 1/2-1/2

[Event "*** Titled Tuesday Blitz"]
[Site "Chess.com"]
[Date "2021.02.16"]
[Round "9"]
[White "ChronicUnhappiness"]
[Black "Skillcam"]
[Result "0-1"]
[WhiteElo "2311"]
[BlackElo "2477"]
[TimeControl "180+1"]
[EndTime "11:47:28 PST"]
[Termination "Skillcam won on time"]

1. d4 Nf6 2. c4 e6 3. Nc3 Bb4 4.
Nf3 c5 5. e3 O-O 6. Bd3 b6 7.
O-O Bb7 8. Bd2 d5 9. cxd5 exd5 10. Ne5 Nbd7 11. Qf3 Rc8 12. Rad1 Re8 13. Bf5 Nxe5 14. dxe5 Rxe5 15. Bxc8 Qxc8 16. Qg3 Rh5 17. f3 h6 18. Ne2 Bxd2 19. Rxd2 Rg5 20. Qf2 Qe8 21. Nf4 Qc6 22. h4 Rf5 23. Qg3 Qc7 24. Rfd1 d4 25. Ne2 Qe7 26. exd4 c4 27. Nc3 Nh5 28. Qf2 Nf4 29. Re1 Qf6 30. Ne4 Qg6 31. Ng3 Rf6 32. Re8+ Kh7 33. Kh2 Nd3 34. Qe3 Rf4 35. Ne4 Rxh4+ 36.
Kg1 Qh5 37. Rxd3 cxd3 38. Qxd3 Rh1+ 39. Kf2 Qg6 0-1

[Event "*** Titled Tuesday Blitz"]
[Site "Chess.com"]
[Date "2021.02.16"]
[Round "9"]
[White "goldihouse"]
[Black "Gabrielian_Artur"]
[Result "0-1"]
[WhiteElo "2556"]
[BlackElo "2798"]
[TimeControl "180+1"]
[EndTime "11:47:29 PST"]
[Termination "Gabrielian_Artur won on time"]

1. c4 Nf6 2. g3 g6 3. Bg2 Bg7 4. Nc3 O-O 5. e4 d6 6. Nge2 c5 7. O-O Nc6 8. a3 Ne8 9. Rb1 a5 10. d3 Nc7 11. Nd5 Bg4 12. f3 Be6 13. Bd2 Bxd5 14.
exd5 Nd4 15. a4 Na6 16. Bc3 Nxe2+ 17. Qxe2 Nb4 18. f4 Qd7 19. Bxg7 Kxg7 20. b3 Rae8 21.
Rbe1 e6 22. dxe6 Rxe6 23. Qb2+ Kg8 24. Rxe6 Qxe6 25. Qd2 Re8 26. Rd1 b6 27. d4 Qf6 28.
dxc5 dxc5 29. Bf3 Kg7 30. Kg2 h5 31. h4 Re6 32. Bd5 Re7 33. Bf3 Re6 34. Kf2 Qe7 35.
Qc3+ Kh7 0-1

[Event "*** Titled Tuesday Blitz"]
[Site "Chess.com"]
[Date "2021.02.16"]
[Round "9"]
[White "KetiGrant"]
[Black "JoakimVonAnd"]
[Result "0-1"]
[WhiteElo "2400"]
[BlackElo "2569"]
[TimeControl "180+1"]
[EndTime "11:47:29 PST"]
[Termination "JoakimVonAnd won on time"]

1. e4 c5 2. Nf3 d6 3. Bb5+ Nd7 4. O-O a6 5. Bd3 Ngf6 6. c3 b5 7. Bc2 Bb7 8. Re1 c4 9. b3 Nc5 10. bxc4 bxc4 11. e5 dxe5 12. Nxe5 Qd5 13. f3 e6 14.
d4 cxd3 15. Ba4+ Nxa4 16. Qxa4+ Qb5 17. Qxb5+ axb5 18. Nxd3 Nd5 19. Nd2 Nxc3 20. Bb2 b4 21.
Nb3 Bd5 22. Nd4 Nxa2 23. Nb5 Rc8 24. Be5 b3 25. Nc7+ Kd7 26. Nxd5 exd5 27. Reb1 f6 28.
Bd4 Rb8 29. Rxa2 bxa2 30. Rxb8 Kc7 0-1

[Event "*** Titled Tuesday Blitz"]
[Site "Chess.com"]
[Date "2021.02.16"]
[Round "9"]
[White "EdmundPlayer"]
[Black "figo13"]
[Result "0-1"]
[WhiteElo "2176"]
[BlackElo "2297"]
[TimeControl "180+1"]
[EndTime "11:47:29 PST"]
[Termination "figo13 won by checkmate"]

1. e4 e6 2. d4 d5 3. Nc3 Bb4 4. e5 c5 5. a3 Bxc3+ 6. bxc3 Ne7 7.
Qg4 Qc7 8. Qxg7 Rg8 9. Qxh7 cxd4 10. Ne2 Nbc6 11. f4 dxc3 12. h4 d4 13. Qd3 b6 14.
h5 Bb7 15. h6 O-O-O 16. h7 Rh8 17. Rh2 Kb8 18. g4 Qc8 19. Rb1 Ba6 20. Qe4 d3 21. Nxc3 dxc2 22. Qxc2 Bxf1 23. Kxf1 Nd4 24. Qd3 Nb3 25. Qf3 Nd4 26. Qg3 Qa6+ 27. Kg1 Rc8 28.
Ne4 Ne2+ 29. Rxe2 Qxe2 30. Nf6 Qd1+ 31. Kg2 Rc2+ 32. Kh3 Qh1+ 33. Qh2 Qxh2# 0-1

[Event "*** Titled Tuesday Blitz"]
[Site "Chess.com"]
[Date "2021.02.16"]
[Round "9"]
[White "ObligatePawnivore"]
[Black "Trickster_Pony"]
[Result "1-0"]
[WhiteElo "1805"]
[BlackElo "1518"]
[TimeControl "180+1"]
[EndTime "11:47:30 PST"]
[Termination "ObligatePawnivore won on time"]

1. c4 c5 2. Nc3 g6 3. Nf3 Bg7 4. e3 Nf6 5. d4 cxd4 6. exd4 d5 7. cxd5 Nxd5 8. Qb3 Nb6 9. Bb5+ Nc6 10. Ne5 Bxe5 11.
dxe5 Be6 12. Bxc6+ bxc6 13. Qb4 Rb8 14. O-O Nd7 15.
Qa4 Nxe5 16. Bf4 Nd7 17. Bxb8 Qxb8 18. b3 O-O 19. Rac1 c5 20. Ne4 Rc8 21. Rfd1 Nb6 22. Qa5 Qe5 23. Nxc5 Nd7 24. b4 Nxc5 25. Rxc5 Rxc5 26.
Qxc5 Qb8 27. b5 Kg7 28. a4 Qb7 29. a5 1-0

[Event "*** Titled Tuesday Blitz"]
[Site "Chess.com"]
[Date "2021.02.16"]
[Round "9"]
[White "beto-betun"]
[Black "andrzej"]
[Result "1-0"]
[WhiteElo "2195"]
[BlackElo "2288"]
[TimeControl "180+1"]
[EndTime "11:47:31 PST"]
[Termination "beto-betun won by checkmate"]

1. d4 Nf6 2. Nf3 g6 3. g3 c5 4.
Bg2 cxd4 5. Nxd4 Nc6 6. O-O Bg7 7. c4 O-O 8. Nc3 Qa5 9. Nb3 Qh5 10. Nd5 Nxd5 11. cxd5 Ne5 12. f4 Ng4 13. h3 Nf6 14.
g4 Qh4 15. Be3 Nxg4 16. hxg4 d6 17. Qe1 Qxg4 18. Qf2 Bxb2 19. Rab1 Bf6 20. Nd4 h5 21. Qf3 Qd7 22. f5 Bg7 23. Bh3 Qa4 24. Qe4 g5 25. f6 Bxf6 26. Bxc8 Raxc8 27. Rxf6 exf6 28. Qf5 Rfe8 29. Rf1 Rxe3 30. Qxf6 Re5 31. Qxf7+ Kh8 32. Qxh5+ Kg8 33. Ne6 Qh4 34. Qg6+ Kh8 35. Qg7# 1-0

[Event "*** Titled Tuesday Blitz"]
[Site "Chess.com"]
[Date "2021.02.16"]
[Round "9"]
[White "Neftegor"]
[Black "frankshar"]
[Result "1-0"]
[WhiteElo "2575"]
[BlackElo "2403"]
[TimeControl "180+1"]
[EndTime "11:47:32 PST"]
[Termination "Neftegor won on time"]

1. d4 Nf6 2. c4 e6 3. Nc3 Bb4 4. e3 c5 5. Bd3 Nc6 6. Ne2 d5 7. cxd5 exd5 8. a3 cxd4 9. axb4 dxc3 10. b5 Ne5 11. Nxc3 O-O 12. Be2 Bf5 13. O-O Qd7 14.
f3 Rfd8 15. Qd4 Qe7 16. Rxa7 Rxa7 17. Qxa7 Nd3 18. Bxd3 Bxd3 19. Rd1 Bc4 20. Qd4 Bb3 21.
Re1 Qc7 22. Bd2 Qc4 23. Ne2 Rc8 24. Bc3 Qxb5 25. Qd2 Ne8 26. Nd4 Qa4 27. Nf5 Qd7 28. e4 Qe6 29. Qg5 f6 30. Qg4 dxe4 31. Rxe4 Qb6+ 32.
Kh1 Kf7 33. Re7+ Kf8 34. Rxg7 Qf2 35. Bb4+ Rc5 36. Bxc5+ Qxc5 37. h4 Bf7 38. Rxh7 Qc1+ 39. Kh2 Bg8 40. Qb4+ 1-0

[Event "*** Titled Tuesday Blitz"]
[Site "Chess.com"]
[Date "2021.02.16"]
[Round "9"]
[White "BairaKovanova"]
[Black "remi04"]
[Result "0-1"]
[WhiteElo "2460"]
[BlackElo "2607"]
[TimeControl "180+1"]
[EndTime "11:47:33 PST"]
[Termination "remi04 won by resignation"]

1. e4 c5 2. Nf3 d6 3. d3 Nf6 4. g3 Nc6 5. Bg2 g6 6. O-O Bg7 7. Nc3 O-O 8. h3 e5 9. Be3 h6 10. Qd2 Kh7 11. Nh4 Nh5 12. Kh2 f5 13.
exf5 gxf5 14. Qe2 Nf6 15. f4 Nd4 16. Qd2 Nh5 17. Nf3 Rg8 18. Ne2 Nxe2 19. Qxe2 Nxg3 20. Kxg3 exf4+ 21. Bxf4 Be5+ 22. Kh2 Bxf4+ 23. Kh1 Qf6 24. Nd2 Be5 25. Nc4 Be6 26. Nxe5 dxe5 27. Rae1 Rae8 28. Qxe5 Qg5 29. Qh2 f4 30. Be4+ Kh8 31. Rxf4 Bxh3 32. Rf2 Bd7 33. Rg2 Qf6 34. Rf1 Qxf1+ 35. Qg1 Qxg1+ 36.
Kxg1 Rxg2+ 37. Kxg2 Bc6 38. Bxc6 bxc6 39. Kf3 Kg7 40. Kf4 Kf6 0-1

[Event "*** Titled Tuesday Blitz"]
[Site "Chess.com"]
[Date "2021.02.16"]
[Round "9"]
[White "IwkooO"]
[Black "kobemagic"]
[Result "1-0"]
[WhiteElo "2627"]
[BlackElo "2415"]
[TimeControl "180+1"]
[EndTime "11:47:34 PST"]
[Termination "IwkooO won by resignation"]

1. e4 Nf6 2. e5 Nd5 3. d4 d6 4. c4 Nb6 5. f4 dxe5 6. fxe5 c5 7. d5 g6 8. Nc3 Bg7 9. Be3 O-O 10. Bxc5 Bxe5 11.
Bd4 Bxd4 12. Qxd4 e5 13. Qe3 Nxc4 14. Bxc4 Qh4+ 15. g3 Qxc4 16. Nf3 Re8 17. O-O-O Nd7 18. Kb1 Nc5 19. Nxe5 Bf5+ 20. Ka1 Qb4 21. Qf4 Qa5 22. a3 Rac8 23. Nc4 Qa6 24. Nd6 Nb3+ 25. Ka2 Rxc3 26. Nxe8 Rc2 27. Qd6 Nc5 28. Qxa6 bxa6 29. d6 Bd7 30. Nf6+ Kg7 31. Nxd7 Nxd7 32. Rhe1 Nc5 33. d7 1-0

[Event "*** Titled Tuesday Blitz"]
[Site "Chess.com"]
[Date "2021.02.16"]
[Round "9"]
[White "fyall777"]
[Black "igorcadilhac"]
[Result "0-1"]
[WhiteElo "2507"]
[BlackElo "2368"]
[TimeControl "180+1"]
[EndTime "11:47:36 PST"]
[Termination "igorcadilhac won on time"]

1. e4 e5 2. Nf3 Nf6 3. Nc3 Bb4 4. g3 Nc6 5. d3 d5 6. exd5 Nxd5 7. Bd2 Bg4 8. Bg2 O-O 9. O-O Nd4 10. Nxd5 Bxd2 11.
Ne3 Bh5 12. c3 Nxf3+ 13. Bxf3 Bxf3 14. Qxf3 Qxd3 15. Rfd1 e4 16. Qh5 Rfd8 17. Qg4 g6 18. Nf1 Qc2 19. Qe2 Qxb2 20. Nxd2 Rd3 21. Nxe4 Qxe2 22. Re1 Qf3 23. Nc5 Rxc3 24. Nb3 Rd8 0-1

[Event "*** Titled Tuesday Blitz"]
[Site "Chess.com"]
[Date "2021.02.16"]
[Round "9"]
[White "eldur16"]
[Black "AniJak"]
[Result "1-0"]
[WhiteElo "2487"]
[BlackElo "2316"]
[TimeControl "180+1"]
[EndTime "11:47:36 PST"]
[Termination "eldur16 won by resignation"]

1. c4 e5 2. g3 Nc6 3. Bg2 g6 4. Nc3 Bg7 5. e3 d6 6. Nge2 Nge7 7. O-O h5 8. d4 h4 9. d5 Nb8 10. e4 hxg3 11. fxg3 Bh3 12. Bxh3 Rxh3 13. Kg2 Qd7 14. Ng1 Rh8 15. Bg5 Na6 16. Qf3 Rf8 17. Bf6 Bxf6 18. Qxf6 O-O-O 19. Rf3 Ng8 20. Qg7 f5 21. Qxg6 fxe4 22.
Nxe4 Rxf3 23. Nxf3 Ne7 24. Qe6 Nf5 25. Qxd7+ Kxd7 26. Re1 Nb4 27. a3 Nc2 28. Re2 Nce3+ 29. Kf2 Nxc4 30. g4 Nd4 31. Nxd4 exd4 32. Nf6+ Kc8 33.
g5 Rf8 34. Re4 c5 35. dxc6 bxc6 36. Rxd4 d5 37. Rf4 Nxb2 38. Ke2 d4 39. g6 d3+ 40. Kd2 Nc4+ 41. Rxc4 Rxf6 42. Rg4 Rf8 43. g7 Rg8 44. h4 Kd7 45. h5 Ke7 46. h6 Kf7 47. h7 Rxg7 48. Rf4+ Ke6 49. h8=Q Rg2+ 50. Kxd3 Rg3+ 1-0

[Event "*** Titled Tuesday Blitz"]
[Site "Chess.com"]
[Date "2021.02.16"]
[Round "9"]
[White "Chessbard1972"]
[Black "bylavochka"]
[Result "1-0"]
[WhiteElo "2347"]
[BlackElo "2100"]
[TimeControl "180+1"]
[EndTime "11:47:36 PST"]
[Termination "Chessbard1972 won by checkmate"]

1. d4 Nf6 2. Nf3 e6 3. c4 d5 4. Bg5 Be7 5. Nc3 Nbd7 6. e3 O-O 7. cxd5 exd5 8. Qc2 b6 9. Bd3 Bb7 10. O-O Rc8 11.
Ne5 h6 12. Bh4 Nxe5 13. dxe5 Nd7 14. Bg3 c6 15. Bf5 Qe8 16. Qe2 Bb4 17. Qg4 Rd8 18.
Qxb4 Nxe5 19. Qa4 a6 20. Qd4 Nc4 21. b3 c5 22. Qd1 Na5 23. Qg4 g6 24. Bc2 d4 25. exd4 cxd4 26. Rfe1 Qc6 27. Be4 Qxc3 28. Bxg6 Bc8 29. Bf5+ Kh8 30. Rac1 Bxf5 31. Qxf5 Qd2 32. Be5+ f6 33. Bxf6+ Kg8 34. Qg6# 1-0

[Event "*** Titled Tuesday Blitz"]
[Site "Chess.com"]
[Date "2021.02.16"]
[Round "9"]
[White "zeitnot2006"]
[Black "kuba2006"]
[Result "1-0"]
[WhiteElo "2527"]
[BlackElo "2380"]
[TimeControl "180+1"]
[EndTime "11:47:37 PST"]
[Termination "zeitnot2006 won on time"]

1. e4 Nf6 2. e5 Nd5 3. c4 Nb6 4. a4 a5 5. d4 d6 6. exd6 exd6 7. Nc3 Be7 8. Be3 O-O 9. Rc1 Nc6 10. b3 Bf6 11.
Nb5 Re8 12. Be2 Bf5 13. Nf3 Be4 14. O-O Nb4 15. Qd2 c6 16. Nc3 Bxf3 17. Bxf3 d5 18. c5 Nd7 19. Bf4 Nf8 20. Rfe1 Rxe1+ 21. Rxe1 Ne6 22.
Be5 Bxe5 23. Rxe5 Qf6 24. Bg4 Nxd4 25. Qxd4 Nc2 26. Nxd5 cxd5 27. Qxd5 Rd8 28. g3 g6 29. Qe4 Rd1+ 30. Bxd1 Nb4 31. Re8+ Kg7 32. Qe5 1-0

[Event "*** Titled Tuesday Blitz"]
[Site "Chess.com"]
[Date "2021.02.16"]
[Round "9"]
[White "ViditYT"]
[Black "DenishevM"]
[Result "1-0"]
[WhiteElo "2987"]
[BlackElo "2592"]
[TimeControl "180+1"]
[EndTime "11:47:38 PST"]
[Termination "ViditYT won by resignation"]

1. e4 c5 2. Nf3 d6 3. d4 cxd4 4. Nxd4 Nf6 5. Nc3 a6 6. g3 g6 7.
Bg2 Bg7 8. O-O O-O 9. h3 Qc7 10. Nd5 Nxd5 11. exd5 Nd7 12. Re1 Nf6 13. a4 Re8 14. a5 e5 15. dxe6 fxe6 16. Bg5 h6 17. Bxf6 Bxf6 18. c3 d5 19. Bxd5 Be5 20. Bg2 Qg7 21.
Qd3 Rb8 22. Nf3 Bc7 23. Qc4 b5 24. Qc5 Bb7 25. Nd4 Bxg2 26. Kxg2 e5 27. Qd5+ Kh7 28. Nc6 Rbc8 29. Rad1 h5 30. Qd7 e4 31. Qxg7+ Kxg7 32. Rd7+ Kf6 33. Na7 Ke6 34. Rd4 Ra8 35. Rdxe4+ 1-0